BLB
INDIANAPOLIS CLOWNS @ SANTO DOMINGO RUM RUNNERS
06/26/2060
 
TOP OF THE 1ST
Indianapolis Clowns batting - Pitching for Santo Domingo Rum Runners : RHP Dave Scott
Pitching: RHP Dave Scott
Batting: LHB Elias Owen 0-0: Called Strike
0-1: Foul Ball, location: 2F
0-2: Foul Ball, location: 2F
0-2: Foul Ball, location: 2F
0-2: Foul Ball, location: 2F
0-2: Fly out, F6 (Line Drive, 6, EV 71.9 MPH)
Batting: RHB Tom Holderness 0-0: Ball
1-0: Called Strike
1-1: Ground out 4-3 (Groundball, 4M, EV 78.1 MPH)
Batting: LHB Sean Hayward 0-0: Ball
1-0: Fly out, F8 (Flyball, 8RM, EV 93.8 MPH)
Top of the 1st over - 0 runs, 0 hits, 0 errors, 0 left on base; Indianapolis 0 - Santo Domingo 0
BOTTOM OF THE 1ST
Santo Domingo Rum Runners batting - Pitching for Indianapolis Clowns : LHP Rahjon Anderson
Pitching: LHP Rahjon Anderson
Batting: RHB Payton Weinberg 0-0: Ball
1-0: Foul Ball, location: 2F
1-1: Swinging Strike
1-2: Ball
2-2: Foul Ball, location: 2F
2-2: Strikes out swinging
Batting: RHB James Scarbrough 0-0: Ball
1-0: Foul Ball, location: 2F
1-1: Called Strike
1-2: Foul Ball, location: 2F
1-2: Fly out, F9 (Flyball, 89M, EV 80.6 MPH)
Batting: LHB Damon Casebier 0-0: Fly out, F8 (Line Drive, 8RD, EV 89.4 MPH)
Bottom of the 1st over - 0 runs, 0 hits, 0 errors, 0 left on base; Indianapolis 0 - Santo Domingo 0
TOP OF THE 2ND
Indianapolis Clowns batting - Pitching for Santo Domingo Rum Runners : RHP Dave Scott
Batting: RHB Bryant Francis 0-0: Called Strike
0-1: Called Strike
0-2: Ground out 1-3 (Groundball, 13, EV 76.9 MPH)
Batting: RHB Gage Hay 0-0: Foul Ball, location: 2F
0-1: Foul Ball, location: 2F
0-2: Strikes out looking
Batting: RHB Blake Kahn 0-0: SINGLE (Groundball, 6D, EV 112.5 MPH)
Batting: RHB Blaise McFarland 0-0: Fielders Choice at 2nd, 5-4 (Groundball, 56, EV 76.9 MPH)
Top of the 2nd over - 0 runs, 1 hit, 0 errors, 1 left on base; Indianapolis 0 - Santo Domingo 0
BOTTOM OF THE 2ND
Santo Domingo Rum Runners batting - Pitching for Indianapolis Clowns : LHP Rahjon Anderson
Batting: LHB Ronald Anderson 0-0: Ground out 4-3 (Groundball, 4, EV 78.1 MPH)
Batting: RHB Tommie Adamson 0-0: Called Strike
0-1: Swinging Strike
0-2: SINGLE (Groundball, 4MD, EV 92.5 MPH) (infield hit)
Batting: RHB Alan West 0-0: Swinging Strike
0-1: Grounds into double play, 4-6-3 (Groundball, 4, EV 81.9 MPH)
Bottom of the 2nd over - 0 runs, 1 hit, 0 errors, 0 left on base; Indianapolis 0 - Santo Domingo 0
TOP OF THE 3RD
Indianapolis Clowns batting - Pitching for Santo Domingo Rum Runners : RHP Dave Scott
Batting: LHB Tristen Cooley 0-0: Called Strike
0-1: Ball
1-1: Ball
2-1: Called Strike
2-2: SINGLE (Line Drive, 56D, EV 94.4 MPH)
Batting: RHB Jared Bradley 0-0: Foul Ball, location: 2F
0-1: Swinging Strike
0-2: Foul Ball, location: 2F
0-2: Foul Ball, location: 2F
0-2: Ball
1-2: Ball
2-2: Ball
3-2: Base on Balls
Tristen Cooley to second
Batting: LHB Elias Owen 0-0: Ball
1-0: Ball
2-0: Called Strike
2-1: Called Strike
2-2: Ball
3-2: SINGLE (Line Drive, 8RS, EV 113.1 MPH)
Tristen Cooley to third
Jared Bradley to second
Batting: RHB Tom Holderness 0-0: Called Strike
0-1: Foul Ball, location: 2F
0-2: Foul Ball, location: 2F
0-2: Strikes out looking
Batting: LHB Sean Hayward 0-0: Ball
1-0: Called Strike
1-1: Ball
2-1: Ball
3-1: Called Strike
3-2: Base on Balls
Tristen Cooley scores
Jared Bradley to third
Elias Owen to second
Batting: RHB Bryant Francis 0-0: Ball
1-0: Called Strike
1-1: Foul Ball, location: 2F
1-2: Grounds into double play, 5-4-3 (Groundball, 56, EV 87.5 MPH)
Top of the 3rd over - 1 run, 2 hits, 0 errors, 2 left on base; Indianapolis 1 - Santo Domingo 0
BOTTOM OF THE 3RD
Santo Domingo Rum Runners batting - Pitching for Indianapolis Clowns : LHP Rahjon Anderson
Batting: RHB Devin Geertz 0-0: Ball
1-0: SINGLE (Flyball, 6D, EV 95.0 MPH)
Batting: LHB Tom Ho 0-0: Hit by Pitch
Devin Geertz to second
Batting: RHB Andy Wood 0-0: Foul Ball, location: 2F
0-1: Ball
1-1: Ball
2-1: Foul Ball, location: 2F
2-2: Grounds into double play, 6-4-3 (Groundball, 6, EV 93.8 MPH)
Devin Geertz to third
Batting: RHB Payton Weinberg 0-0: Foul Ball, location: 2F
0-1: Ball
1-1: Ball
2-1: Called Strike
2-2: SINGLE (Groundball, 6D, EV 99.4 MPH)
Devin Geertz scores
Batting: RHB James Scarbrough 0-0: Ball
1-0: Called Strike
Payton Weinberg is caught stealing 2nd base 2-4
Bottom of the 3rd over - 1 run, 2 hits, 0 errors, 0 left on base; Indianapolis 1 - Santo Domingo 1
TOP OF THE 4TH
Indianapolis Clowns batting - Pitching for Santo Domingo Rum Runners : RHP Dave Scott
Batting: RHB Gage Hay 0-0: Called Strike
0-1: Swinging Strike
0-2: Ball
1-2: Strikes out looking
Batting: RHB Blake Kahn 0-0: Ball
1-0: Ball
2-0: Called Strike
2-1: Foul Ball, location: 2F
2-2: SINGLE (Line Drive, 7LS, EV 102.5 MPH)
Batting: RHB Blaise McFarland 0-0: Swinging Strike
0-1: Foul Ball, location: 2F
0-2: Grounds into double play, 4-6-3 (Groundball, 4, EV 86.9 MPH)
Top of the 4th over - 0 runs, 1 hit, 0 errors, 0 left on base; Indianapolis 1 - Santo Domingo 1
BOTTOM OF THE 4TH
Santo Domingo Rum Runners batting - Pitching for Indianapolis Clowns : LHP Rahjon Anderson
Batting: RHB James Scarbrough 0-0: Called Strike
0-1: Ball
1-1: Ball
2-1: Ball
3-1: Called Strike
3-2: Strikes out looking
Batting: LHB Damon Casebier 0-0: Ball
1-0: Called Strike
1-1: Foul Ball, location: 2F
1-2: SINGLE (Groundball, 4MD, EV 101.2 MPH)
Batting: LHB Ronald Anderson 0-0: Ball
Damon Casebier steals 2nd base
1-0: SINGLE (Groundball, 4D, EV 104.4 MPH)
Damon Casebier to third
Batting: RHB Tommie Adamson 0-0: Ball
1-0: Ball
2-0: Ball
3-0: Called Strike
3-1: SINGLE (Line Drive, 7LS, EV 109.4 MPH)
Damon Casebier scores
Ronald Anderson to second
Batting: RHB Alan West 0-0: Ball
1-0: Ball
2-0: Fly out, F8 (Flyball, 8RD, EV 98.8 MPH)
Batting: RHB Devin Geertz 0-0: Swinging Strike
0-1: Ball
1-1: Ball
2-1: Foul Ball, location: 2F
2-2: Ball
3-2: Strikes out swinging
Bottom of the 4th over - 1 run, 3 hits, 0 errors, 2 left on base; Indianapolis 1 - Santo Domingo 2
TOP OF THE 5TH
Indianapolis Clowns batting - Pitching for Santo Domingo Rum Runners : RHP Dave Scott
Batting: LHB Tristen Cooley 0-0: Reached on error, E6 (Groundball, 6, EV 102.5 MPH)
Batting: RHB Jared Bradley 0-0: Bunt missed!
0-1: Ball
1-1: Bunted foul
1-2: Foul Ball, location: 2F
1-2: Ball
2-2: Ball
Wild Pitch!
Tristen Cooley to second
3-2: Ground out 4-3 (Groundball, 4, EV 106.9 MPH)
Tristen Cooley to third
Batting: LHB Elias Owen 0-0: Ball
1-0: Ball
2-0: Ground out 3-1 (Groundball, 34S, EV 65.6 MPH)
Batting: RHB Tom Holderness 0-0: Ground out 6-3 (Groundball, 6, EV 78.1 MPH)
Top of the 5th over - 0 runs, 0 hits, 1 error, 1 left on base; Indianapolis 1 - Santo Domingo 2
BOTTOM OF THE 5TH
Santo Domingo Rum Runners batting - Pitching for Indianapolis Clowns : LHP Rahjon Anderson
Batting: LHB Tom Ho 0-0: Ground out U3 (Groundball, 3L, EV 86.9 MPH)
Batting: RHB Andy Wood 0-0: Swinging Strike
0-1: Ball
1-1: Ball
2-1: Swinging Strike
2-2: Ball
3-2: Strikes out swinging
Pitching: LHP Jameon Hurst
Batting: RHB Payton Weinberg 0-0: Ball
1-0: Ball
2-0: SOLO HOME RUN (Flyball, 7D, EV 95.6 MPH), Distance : 370 ft
Batting: RHB James Scarbrough 0-0: Fly out, F9 (Flyball, 89XD, EV 82.5 MPH)
Bottom of the 5th over - 1 run, 1 hit, 0 errors, 0 left on base; Indianapolis 1 - Santo Domingo 3
TOP OF THE 6TH
Indianapolis Clowns batting - Pitching for Santo Domingo Rum Runners : RHP Dave Scott
Batting: LHB Sean Hayward 0-0: Called Strike
0-1: Ball
1-1: Ground out 5-3 (Groundball, 5S, EV 76.2 MPH)
Batting: RHB Bryant Francis 0-0: Ball
1-0: Foul Ball, location: 2F
1-1: Ball
2-1: Foul Ball, location: 2F
2-2: Foul Ball, location: 2F
2-2: Ball
3-2: Foul Ball, location: 2F
3-2: Ground out 6-3 (Groundball, 6S, EV 85.6 MPH)
Batting: RHB Gage Hay 0-0: Called Strike
0-1: Foul Ball, location: 2F
0-2: Strikes out swinging
Top of the 6th over - 0 runs, 0 hits, 0 errors, 0 left on base; Indianapolis 1 - Santo Domingo 3
BOTTOM OF THE 6TH
Santo Domingo Rum Runners batting - Pitching for Indianapolis Clowns : LHP Jameon Hurst
Batting: LHB Damon Casebier 0-0: Foul Ball, location: 2F
0-1: Foul Ball, location: 2F
0-2: Ball
1-2: Foul Ball, location: 2F
1-2: Ball
2-2: Foul Ball, location: 2F
2-2: Fly out, F7 (Flyball, 7, EV 87.5 MPH)
Batting: LHB Ronald Anderson 0-0: Called Strike
0-1: Foul Ball, location: 2F
0-2: Strikes out looking
Batting: RHB Tommie Adamson 0-0: Called Strike
0-1: Called Strike
0-2: Fly out, F9 (Flyball, 89S, EV 91.9 MPH)
Bottom of the 6th over - 0 runs, 0 hits, 0 errors, 0 left on base; Indianapolis 1 - Santo Domingo 3
TOP OF THE 7TH
Indianapolis Clowns batting - Pitching for Santo Domingo Rum Runners : RHP Dave Scott
Batting: RHB Blake Kahn 0-0: Ball
1-0: Foul Ball, location: 2F
1-1: Foul Ball, location: 2F
1-2: Ball
2-2: Ball
3-2: Foul Ball, location: 2F
3-2: Foul Ball, location: 2F
3-2: Strikes out swinging
Batting: RHB Blaise McFarland 0-0: Ball
1-0: Ball
2-0: Swinging Strike
2-1: Called Strike
2-2: Ball
3-2: Foul Ball, location: 2F
3-2: Base on Balls
Batting: LHB Tristen Cooley 0-0: Ball
1-0: Foul Ball, location: 2F
1-1: Foul Ball, location: 2F
1-2: Ball
2-2: Strikes out swinging
Pitching: RHP Logan Rinehart
Batting: RHB Jared Bradley 0-0: Called Strike
0-1: Called Strike
Blaise McFarland steals 2nd base
0-2: Strikes out looking
Top of the 7th over - 0 runs, 0 hits, 0 errors, 1 left on base; Indianapolis 1 - Santo Domingo 3
BOTTOM OF THE 7TH
Santo Domingo Rum Runners batting - Pitching for Indianapolis Clowns : LHP Jameon Hurst
Pitching: RHP Kristofer Humberto
Batting: RHB Alan West 0-0: Called Strike
0-1: Ball
1-1: Ball
2-1: Ground out 1-3 (Groundball, 15, EV 61.9 MPH)
Batting: RHB Devin Geertz 0-0: Ball
1-0: Ball
2-0: Ball
3-0: Foul Ball, location: 2F
3-1: Swinging Strike
3-2: Ground out 6-3 (Groundball, 6, EV 81.9 MPH)
Batting: LHB Tom Ho 0-0: Swinging Strike
0-1: Called Strike
0-2: Ball
1-2: Ground out 4-3 (Groundball, 4, EV 84.4 MPH)
Bottom of the 7th over - 0 runs, 0 hits, 0 errors, 0 left on base; Indianapolis 1 - Santo Domingo 3
TOP OF THE 8TH
Indianapolis Clowns batting - Pitching for Santo Domingo Rum Runners : RHP Logan Rinehart
Batting: LHB Elias Owen 0-0: Called Strike
0-1: Ball
1-1: Foul Ball, location: 2F
1-2: Strikes out swinging
Batting: RHB Tom Holderness 0-0: SINGLE (Groundball, 56, EV 103.8 MPH)
Batting: LHB Sean Hayward 0-0: Called Strike
0-1: Ball
1-1: Called Strike
1-2: Foul Ball, location: 2F
1-2: Strikes out swinging
Batting: RHB Bryant Francis 0-0: Ground out 1-3 (Groundball, 13, EV 66.2 MPH)
Top of the 8th over - 0 runs, 1 hit, 0 errors, 1 left on base; Indianapolis 1 - Santo Domingo 3
BOTTOM OF THE 8TH
Santo Domingo Rum Runners batting - Pitching for Indianapolis Clowns : RHP Kristofer Humberto
Pitching: LHP Ralph Shields
Batting: RHB Andy Wood 0-0: Ball
1-0: Ball
2-0: Ball
3-0: Called Strike
3-1: Base on Balls
Pitching: LHP Denver Benson
Batting: RHB Payton Weinberg 0-0: Sac Bunt to 13 - play at second, runner safe!
Batting: RHB James Scarbrough 0-0: Ball
1-0: Foul Ball, location: 2F
1-1: Ball
2-1: Foul Ball, location: 2F
2-2: Hit by Pitch
Andy Wood to third
Payton Weinberg to second
Batting: LHB Damon Casebier 0-0: Ball
1-0: Foul Ball, location: 2F
1-1: Swinging Strike
1-2: Foul Ball, location: 2F
1-2: Foul Ball, location: 2F
1-2: Strikes out swinging
Batting: LHB Ronald Anderson 0-0: DOUBLE (Line Drive, 9LM, EV 108.8 MPH)
Andy Wood scores
Payton Weinberg scores
James Scarbrough to third
Runner from 3rd tries for Home, SAFE, throw by RF to trailing runner, SAFE at third!
Batting: RHB Tommie Adamson 0-0: Called Strike
0-1: Foul Ball, location: 2F
0-2: Ball
1-2: Strikes out swinging
Batting: RHB Alan West 0-0: Swinging Strike
0-1: Fly out, F7 (Flyball, 7D, EV 101.9 MPH)
Bottom of the 8th over - 3 runs, 1 hit, 0 errors, 1 left on base; Indianapolis 1 - Santo Domingo 6
TOP OF THE 9TH
Indianapolis Clowns batting - Pitching for Santo Domingo Rum Runners : RHP Logan Rinehart
Batting: RHB Gage Hay 0-0: Ball
1-0: Swinging Strike
1-1: Called Strike
1-2: Ball
2-2: Strikes out swinging
Batting: RHB Blake Kahn 0-0: Foul Ball, location: 2F
0-1: SINGLE (Flyball, 34D, EV 98.8 MPH)
Batting: RHB Blaise McFarland 0-0: Called Strike
0-1: Ground out 3-1 (Groundball, 13, EV 81.9 MPH)
Blake Kahn to second
Batting: LHB Tristen Cooley 0-0: Ball
1-0: Called Strike
1-1: Ball
2-1: Swinging Strike
2-2: Ball
3-2: Fly out, F8 (Flyball, 89D, EV 76.9 MPH)
Top of the 9th over - 0 runs, 1 hit, 0 errors, 1 left on base; Indianapolis 1 - Santo Domingo 6
Saturday, May 11th , 2024 - OOTP Baseball 23.10 Build 110